 Dungeon Crawl Stone Soup version 0.31-a0-187-gba352fbbf7 (webtiles) character file.

Game seed: 12656827127781421098

299 runemasterragnar the Trooper (level 5, -3/44 HPs)
             Began as a Demonspawn Monk on June 22, 2023.
             Was a Believer of Ru.
             Slain by Menkaure (16 damage)
             ... on level 4 of the Dungeon.
             The game lasted 00:03:21 (2933 turns).

runemasterragnar the Trooper (Demonspawn Monk)      Turns: 2933, Time: 00:03:21

Health: -3/44      AC:  4    Str: 14    XL:     5   Next: 13%
Magic:  5/5        EV: 13    Int: 11    God:    Ru [**....]
Gold:   139        SH:  0    Dex: 15    Spells: 4/4 levels left

rFire   . .          .
                       - Unarmed
rCold   . . .        c - orb {light}
rNeg    . . .        a - +0 robe
rPois   .            (no helmet)
rElec   .            (no cloak)
rCorr   .            (no gloves)
SInv    .            (no boots)
Will    .....        (no amulet)
Stlth   +            (no ring)
HPRegen 0.27/turn    (no ring)
MPRegen 0.09/turn

%: no passive effects
@: glowing
A: yellow scales 1, ignite blood 1, powered by pain 2, inexperienced 1
a: Renounce Religion


You were on level 4 of the Dungeon.
You worshipped Ru.
Ru was pleased with you.
You visited 1 branch of the dungeon, and saw 4 of its levels.

You collected 139 gold pieces.

Inventory:

Missiles
 r - 4 javelins
Armour
 a - a +0 robe (worn)
 c - an orb of light (worn)
 t - a +0 ring mail
Jewellery
 p - a ring of fire
Wands
 s - a wand of mindburst (16)
Scrolls
 g - a scroll of silence {unknown}
 h - 2 scrolls of fear {unknown}
 j - 3 scrolls of immolation {unknown}
 k - 2 scrolls of teleportation {unknown}
 l - a scroll of enchant weapon {unknown}
 m - 2 scrolls of vulnerability {unknown}
 n - a scroll of amnesia {unknown}
 q - a scroll of summoning {unknown}
Potions
 b - a potion of ambrosia
 d - a potion of might
 e - 3 potions of curing
 f - 2 potions of brilliance
 i - 2 potions of haste
 o - a potion of attraction {unknown}


   Skills:
 + Level 5.3 Fighting
 - Level 2.7 Dodging
 + Level 4.8 Unarmed Combat


You had 4 spell levels left.
You didn't know any spells.
Your spell library was empty.

Dungeon Overview and Level Annotations

Branches:
Dungeon (4/15)             Temple (0/1) D:4

Altars:
Ashenzari
Cheibriados
Kikubaaqudgha
Ru
Sif Muna

Shops:
D:4 !

Annotations:
D:4 Menkaure


Innate Abilities, Weirdness & Mutations

You are partially covered in yellow scales. (AC +2)
Your demonic aura sometimes causes spilled blood to erupt in flames.
You sometimes gain power by taking damage.
You are somewhat inexperienced. (-1 XL)


Message History

The howler monkey hits you.
The endoplasm quivers.
You hit the howler monkey but do no damage.
The howler monkey is moderately wounded.
The howler monkey closely misses you.
You barely miss the howler monkey.
The howler monkey is moderately wounded.
The howler monkey barely misses you.
Menkaure, Prince of Dust comes into view.
Menkaure shouts!
You punch the howler monkey!
The howler monkey is severely wounded.
You hear an angry hiss.
The howler monkey is engulfed in blazing flames.
You kill the howler monkey!
Welcome back to level 5!
Aiming: Mindburst
Press: ? - help, Shift-Dir - straight line, f - Menkaure
Aim: Menkaure (haloed, chance to affect: 64%) Menkaure's mind is blasted!
Unknown command.
Aiming: Mindburst
Press: ? - help, Shift-Dir - straight line, f/p - Menkaure
Aim: Menkaure (severely damaged, haloed, chance to affect: 64%) Menkaure struggles to resist.
Unknown command.
Unknown command.
You hit the endoplasm.
The endoplasm is severely wounded.
The endoplasm is engulfed in blazing flames.
You kill the endoplasm!
An adder comes into view.
An orc wizard comes into view. It is wielding a +0 dagger.
Menkaure hits you!!
* * * LOW HITPOINT WARNING * * *
Items here: ))))) ††††.
You hit Menkaure but do no damage.
Menkaure is severely damaged.
Menkaure hits you!
You die...

..#..##...
..#...#.######. ..#
.###...<....... ...
.........##### ..##
.....#....# ... .
..>..###..# ..###..
.....#....## ....o..
...........#######.>.....
.###...........)@M.......
..#..[.....######?S......
..#......... #........
#...######### #.##..##.
#### #.# .... ##### #..
#### ..... ... ####. ...
#####..


You could see Menkaure, an orc wizard and an adder.

Vanquished Creatures
  A howler monkey (D:4)
  A hound (D:4)
  An orc priest (D:4)
  An iguana (D:3)
  Robin (D:4)
  8 adders
  3 worms
  9 orcs
  2 ball pythons
  5 bats
  5 endoplasms
  2 giant cockroaches
  12 goblins
  8 hobgoblins
  6 jackals
  5 kobolds
  A frilled lizard (D:2)
  7 rats
78 creatures vanquished.

Notes
Turn   | Place    | Note
-------+----------+-------------------------------------------
     0 | D:1      | runemasterragnar the Demonspawn Monk began the quest for
                  | the Orb.
     0 | D:1      | Reached XP level 1. HP: 18/18 MP: 1/1
   158 | D:1      | Gained mutation: You are partially covered in yellow
                  | scales. (AC +2) [demonic ancestry]
   158 | D:1      | Reached XP level 2. HP: 24/24 MP: 2/2
   824 | D:2      | Gained mutation: Your demonic aura sometimes causes spilled
                  | blood to erupt in flames. [demonic ancestry]
   824 | D:2      | Reached XP level 3. HP: 27/30 MP: 3/3
  1061 | D:2      | Reached skill level 4 in Fighting
  1227 | D:2      | Gained mutation: You sometimes gain a little power by
                  | taking damage. [demonic ancestry]
  1227 | D:2      | Reached XP level 4. HP: 37/37 MP: 4/4
  1991 | D:3      | Found a shimmering blue altar of Sif Muna.
  2160 | D:3      | Found an ancient bone altar of Kikubaaqudgha.
  2160 | D:3      | Found a broken altar of Ashenzari.
  2183 | D:3      | Found a sacrificial altar of Ru.
  2186 | D:3      | Found a snail-covered altar of Cheibriados.
  2195 | D:3      | Became a worshipper of Ru the Awakened
  2217 | D:3      | Gained mutation: You sometimes gain power by taking damage.
                  | [demonic ancestry]
  2217 | D:3      | Reached XP level 5. HP: 43/43 MP: 5/5
  2220 | D:3      | Gained mutation: You are somewhat inexperienced. (-1 XL)
                  | [Ru sacrifice]
  2220 | D:3      | Reached XP level 4. HP: 38/38 MP: 4/4
  2220 | D:3      | Reached * piety under Ru
  2220 | D:3      | Reached ** piety under Ru
  2643 | D:4      | Noticed a steam dragon
  2643 | D:4      | Found Egicer's Distillery.
  2698 | D:4      | Found a staircase to the Ecumenical Temple.
  2764 | D:4      | Reached skill level 5 in Fighting
  2902 | D:4      | Noticed Robin
  2912 | D:4      | Killed Robin
  2927 | D:4      | Noticed Menkaure
  2929 | D:4      | Reached XP level 5. HP: 32/44 MP: 5/5
  2933 | D:4      | Slain by Menkaure

Illustrated notes

Levels and vault maps discovered:
D:1:      nzn_arrival_crosshair, layout_loops_ring
D:2:      layout_loops_ring, serial_co_window_serial, co_window_paths_a,
          co_window_of_opportunity_a, co_window_paths_a, co_window_paths_a,
          co_window_paths_a, co_window_broadway_c, co_window_broadway_c,
          co_window_broadway_c, co_window_corner_b, co_window_broadway_a,
          glass_columns_a
D:3:      layout_basic, mainiacjoe_overflow_paths,
          grunt_temple_overflow_cloverleaf
D:4:      layout_rooms, mainiacjoe_overflow_catwalk, minmay_temple_entry_tees,
          serial_shops, shop, minmay_misc_feat_nine_boxes, uniq_menkaure,
          uniq_robin

Skill      XL: |  1  2  3  4 |
---------------+-------------+-----
Unarmed Combat | 3 4 |  4.8
Fighting       | 4 5 |  5.3
Dodging        | |  2.7

Action                     |  1- 3 |  4- 6 || total
---------------------------+-------+-------++-------
  Melee: Unarmed           |   121 |   132 ||   253
 Invoke: Sacrifice Experie |       |     1 ||     1
  Evoke: Wand              |       |     2 ||     2
    Use: Scroll            |       |     4 ||     4
         Potion            |       |     1 ||     1
   Stab: Distracted        |       |     1 ||     1
 Armour: Robe              |    42 |    16 ||    58
  Dodge: Dodged            |    73 |    70 ||   143

Table legend: (Time is in decaauts)
 A = Elapsed time spent in this place.
 B = Non-inter-level travel time spent in this place.
 C = Inter-level travel time spent in this place.
 D = Time resting spent in this place.
 E = Time spent auto-exploring this place.
 F = Levels seen in this place.
 G = Mean time per level.
                   A        B        C        D        E       F      G
               +--------+--------+--------+--------+--------+-----+--------+
         Total |   2915 |   2772 |    143 |      0 |   2232 |   4 |  728.8 |
       Dungeon |   2915 |   2772 |    143 |      0 |   2232 |   4 |  728.8 |
               +--------+--------+--------+--------+--------+-----+--------+

Top non-repeatable levels by time:
     D:2: 1122 daAuts
     D:1: 827 daAuts
     D:3: 719 daAuts
     D:4: 246 daAuts
